 Dungeon Crawl Stone Soup version 0.31-a0-237-g2d982f9f85 (webtiles) character file.

Game seed: 17806465830697835296

146 qw the Shooter (level 5, -5/30 HPs)
             Began as a Gargoyle Hexslinger on July 10, 2023.
             Killed from afar by Blork the orc (11 damage)
             ... with a puff of frost
             ... on level 4 of the Dungeon.
             The game lasted 00:00:57 (2393 turns).

qw the Shooter (Gargoyle Hexslinger)                Turns: 2393, Time: 00:00:58

Health: -5/30      AC: 11    Str: 12    XL:     5   Next: 28%
Magic:  6/6        EV: 15    Int: 13    God:
Gold:   168        SH:  0    Dex: 14    Spells: 5/6 levels left

rFire   . . .        Y - +0 orcbow
rCold   . . .        (shield currently unavailable)
rNeg    + . .        f - +0 ring mail
rPois   inf          (no helmet)
rElec   +            (no cloak)
rCorr   .            (no gloves)
SInv    .            g - +1 pair of boots
Will    .....        (no amulet)
Stlth   +            j - +5 ring of evasion
HPRegen 0.25/turn    (no ring)
MPRegen 0.10/turn

%: no passive effects
@: about to teleport
A: sickness immunity, AC +4, negative energy resistance 1, electricity
resistance, torment resistance 1, petrification resistance
a: no special abilities


You were on level 4 of the Dungeon.
You visited 1 branch of the dungeon, and saw 4 of its levels.

You collected 168 gold pieces.


Innate Abilities, Weirdness & Mutations

You are immune to sickness and miasma.
Your stone body is resilient. (AC +4)
You are immune to poison.
You resist negative energy. (rN+)
You are resistant to electric shocks. (rElec)
You are resistant to unholy torment.
You are immune to petrification.


   Skills:
 - Level 2.1 Fighting
 + Level 4.8 Ranged Weapons
 - Level 1.0 Armour
 - Level 1.5 Dodging
 - Level 1.0 Spellcasting
 - Level 2.6 Hexes


You had 5 spell levels left.
You knew the following spells:

 Your Spells              Type           Power      Damage    Failure   Level
a - Slow                  Hex            28%        N/A       22%         1

Your spell library contained the following spells:

 Spells                   Type           Power      Damage    Failure   Level
 Inner Flame              Hex/Fire       4%         N/A       73%         3
 Portal Projectile        Hex/Tloc       8%         N/A       73%         3
 Cause Fear               Hex            3%         N/A       91%         4

Inventory:

Hand Weapons
 Y - a +0 orcbow (weapon)
Armour
 f - a +0 ring mail (worn)
 g - a +1 pair of boots (worn)
Jewellery
 j - a +5 ring of evasion (left hand)
Scrolls
 d - a scroll of identify
Potions
 b - a potion of enlightenment
 h - a potion of curing
 i - 3 potions of heal wounds
 l - a potion of mutation

Dungeon Overview and Level Annotations

Branches:
Dungeon (4/15)
 Temple: D:4-7

Altars:
Ru

Annotations:
D:4 Blork the orc


Message History

You shoot an arrow. The arrow hits Blork the orc!
Blork the orc is moderately wounded.
Blork the orc zaps a wand.
The puff of flame hits you!
You shoot an arrow. The arrow hits Blork the orc.
Blork the orc is heavily wounded.
You shoot an arrow. The arrow hits Blork the orc.
Blork the orc is heavily wounded.
Blork the orc drinks a potion.
Blork the orc is healed!
You shoot an arrow. The arrow hits Blork the orc!
Blork the orc is moderately wounded.
Blork the orc points at you and mumbles some strange words.
The puff of flame hits you.
You shoot an arrow.
The arrow hits Blork the orc but does no damage.
Blork the orc is moderately wounded.
Blork the orc closely misses you.
You shoot an arrow. The arrow barely misses Blork the orc.
Blork the orc barely misses you. Blork the orc casts a spell at you.
The puff of flame hits you.
You shoot an arrow. The arrow hits Blork the orc.
Blork the orc is moderately wounded.
Blork the orc looks encouraged for a moment.
You shoot an arrow. The arrow barely misses Blork the orc.
Blork the orc hits you but does no damage.
You shoot an arrow. The arrow barely misses Blork the orc.
Blork the orc misses you.
Blork the orc hits you but does no damage.
You shoot an arrow. The arrow hits Blork the orc.
Blork the orc is moderately wounded.
Blork the orc misses you.
You shoot an arrow. The arrow closely misses Blork the orc.
Blork the orc barely misses you.
Blork the orc hits you from afar with a +0 trident.
2393 ||| READING scroll of teleportation.
As you read the scroll of teleportation, it crumbles to dust.
You feel strangely unstable.
Blork the orc points at you and mumbles some strange words.
The puff of frost hits you!
You die...

#.................
###.
#.................
. ##
###..#............
#. ..
##.......#...... .
####...#...##..~~~.
#.
#....>.##.....~~¤~~
##
#.....###...#.~~_~~
#. ##.#..#
###...~~.~~ ..
###### #@..~¤.~¤ ..
#.....¤¤.~~ ..
##..o¤~¤..¤ ##
#...¤¤¤8.~
#......... #
##.......# ..
##.....## #. #.....
##


You could see Blork the orc.

Vanquished Creatures
  Natasha (twice) (D:2)
  3 adders
  A worm (D:2)
  4 dart slugs
  An orc (D:3)
  12 ball pythons
  4 endoplasms
  2 giant cockroaches (D:1)
  2 goblins
  3 hobgoblins
  7 jackals (D:3)
  A quokka (D:4)
  A bat (D:3)
  5 frilled lizards
  3 kobolds
  7 rats
58 creatures vanquished.

Notes
Turn   | Place    | Note
-------+----------+-------------------------------------------
     0 | D:1      | qw the Gargoyle Hexslinger began the quest for the Orb.
     0 | D:1      | Reached XP level 1. HP: 12/12 MP: 2/2
     0 | D:1      | 0 ||| qw: Version: 0.3-a-52-g30416fa
     0 | D:1      | 0 ||| qw: Game counter: 5068
     0 | D:1      | 0 ||| qw: Melee chars always use a shield: true
     0 | D:1      | 0 ||| qw: God list: Okawaru
     0 | D:1      | 0 ||| qw: Allow faded altars: false
     0 | D:1      | 0 ||| qw: Do Orc after clearing Dungeon:15 true
     0 | D:1      | 0 ||| qw: Do second Lair branch before Depths: true
     0 | D:1      | 0 ||| qw: Lair rune preference: random
     0 | D:1      | 0 ||| qw: Goals: Normal
     0 | D:1      | 0 ||| PLANNING D:1-11
   103 | D:1      | Reached XP level 2. HP: 16/16 MP: 3/3
   320 | D:1      | Reached skill level 3 in Ranged Weapons
   522 | D:1      | 522 ||| UPGRADING to +1 pair of boots.
   527 | D:1      | 527 ||| UPGRADING to +5 ring of evasion.
   528 | D:1      | 528 ||| READING scroll labelled GAMNAIK GACOWI.
   529 | D:1      | 529 ||| READING 2 scrolls labelled TUKICR LENIE.
   532 | D:1      | 532 ||| READING scroll labelled ISHRADO DENE.
   533 | D:1      | 533 ||| READING scroll labelled RIANWO PYPRIU.
   534 | D:1      | 534 ||| DRINKING 2 glowing green potions.
   590 | D:1      | 590 ||| DROPPING scroll of poison.
   591 | D:1      | 591 ||| DROPPING potion of lignification.
   675 | D:2      | Reached XP level 3. HP: 21/21 MP: 4/4
   925 | D:2      | Noticed Natasha
   929 | D:2      | Killed Natasha
   930 | D:2      | Reached XP level 4. HP: 26/26 MP: 5/5
  1093 | D:2      | Reached skill level 4 in Ranged Weapons
  1113 | D:2      | Noticed Natasha
  1125 | D:2      | HP: 5/26 [Natasha/magic dart (4)]
  1126 | D:2      | 1126 ||| READING scroll of teleportation.
  1127 | D:2      | HP: 1/26 [cerulean imp/+0 spear[Natasha] (4)]
  1249 | D:2      | Killed Natasha
  1432 | D:2      | Found a faded altar of an unknown god.
  1436 | D:2      | 1436 ||| UPGRADING to +0 leather armour.
  1446 | D:2      | 1446 ||| DROPPING +0 robe.
  1447 | D:2      | 1447 ||| DRINKING 2 sedimented yellow potions.
  1448 | D:2      | 1448 ||| DRINKING 2 fuming clear potions.
  1449 | D:2      | 1449 ||| READING 2 scrolls of identify.
  1449 | D:2      | 1449 ||| IDENTIFYING metallic emerald potion
  1518 | D:3      | 1518 ||| SWAPPING to +0 orcbow.
  1523 | D:3      | 1523 ||| DROPPING +1 sling.
  1564 | D:3      | Identified the +5 flail of Imminent Death {flame, Contam
                  | rElec Dex+4}
  1708 | D:3      | Reached XP level 5. HP: 30/30 MP: 6/6
  2189 | D:3      | 2189 ||| UPGRADING to +0 ring mail.
  2199 | D:3      | 2199 ||| DROPPING +0 leather armour.
  2200 | D:3      | 2200 ||| READING scroll labelled SETEOLLYED.
  2201 | D:3      | 2201 ||| READING 2 scrolls of identify.
  2201 | D:3      | 2201 ||| IDENTIFYING fizzy orange potion
  2297 | D:4      | Reached skill level 1 in Armour
  2352 | D:4      | Found a sacrificial altar of Ru.
  2380 | D:4      | Noticed Blork the orc
  2392 | D:4      | HP: 5/30 [Blork the orc/+0 trident (4)]
  2393 | D:4      | 2393 ||| READING scroll of teleportation.
  2393 | D:4      | Killed from afar by Blork the orc

Levels and vault maps discovered:
D:1:      mrwooster_arrival_statue_3, layout_loops_ring,
          chequers_serial_rivers_large_a
D:2:      layout_rooms, chequers_ecumenical_altar_grove, uniq_natasha
D:3:      layout_loops_ring
D:4:      minmay_razor_zed, layout_cave_pools, mainiacjoe_overflow_catwalk,
          serial_shops, shop, uniq_robin, uniq_blork_the_orc

Skill      XL: |  1  2  3  4  5 |
---------------+----------------+-----
Ranged Weapons | 3 4 |  4.8
Fighting       | 2 |  2.1
Armour         | 1 |  1.0
Dodging        | |  1.5
Spellcasting   | |  1.0
Hexes          | |  2.6

Action                     |  1- 3 |  4- 6 || total
---------------------------+-------+-------++-------
   Fire: Sling             |    83 |    70 ||   153
         Orcbow            |       |    66 ||    66
    Use: Scroll            |     4 |     5 ||     9
         Potion            |     1 |     2 ||     3
 Armour: Robe              |    14 |    18 ||    32
         Leather armour    |       |     5 ||     5
         Ring mail         |       |     2 ||     2
  Dodge: Dodged            |    59 |    73 ||   132

Table legend:
 A = Non-vault XP
 B = Vault XP
 C = Vault XP percentage of total XP
 D = Non-vault monster count
 E = Vault monster count
 F = Vault count percentage of total count
                 A         B        C        D         E       F
            +---------+---------+-------+---------+---------+-------
      Total |     174 |      35 |  16.7 |      57 |       1 |   1.7
            +---------+---------+-------+---------+---------+-------
        D:1 |      23 |       0 |   0.0 |      13 |       0 |   0.0
        D:2 |      86 |      35 |  28.9 |      22 |       1 |   4.3
        D:3 |      43 |       0 |   0.0 |      18 |       0 |   0.0
        D:4 |      22 |       0 |   0.0 |       4 |       0 |   0.0
            +---------+---------+-------+---------+---------+-------
